 Dungeon Crawl Stone Soup version 0.19.1-1-g22dce08 (webtiles) character file.

9683 Colliwobble the Envoy of Void (level 11, -5/86 HPs)
             Began as a Demonspawn Abyssal Knight on Jan 4, 2017.
             Was a High Priest of Lugonu.
             Slain by a spiny frog (19 damage)
             ... on level 1 of the Lair of Beasts.
             The game lasted 00:37:18 (14227 turns).

Colliwobble the Envoy of Void (DsAK)               Turns: 14227, Time: 00:37:18

Health: -5/86      AC: 15    Str: 15    XL:     11   Next: 26%
Magic:  21/21      EV: 12    Int: 17    God:    Lugonu [*****.]
Gold:   308        SH:  0    Dex: 13    Spells: 0 memorised, 10 levels left

rFire  + . .     SeeInvis +     a - +2 glaive (venom)
rCold  + . .     Gourm    .     O - +0 troll leather armour
rNeg   . . .     Faith    .     (shield currently unavailable)
rPois  +         Spirit   .     (no helmet)
rElec  .         Reflect  .     (no cloak)
rCorr  .         Harm     .     l - +0 pair of gloves
MR     .....                    N - +2 pair of boots of Birdsong {rPois Int+3 Stlth+}
Stlth  ++........               (no amulet)
                                p - ring of see invisible
                                E - ring of protection from fire

@: no status effects
A: iridescent scales 3, cold resistance 1, spiny 3, freezing cloud immunity
a: Depart the Abyss, Bend Space, Banish, Corrupt, Enter the Abyss, Renounce
Religion


You were on level 1 of the Lair of Beasts.
You worshipped Lugonu.
Lugonu was extremely pleased with you.
You were near starving.

You visited 3 branches of the dungeon, and saw 13 of its levels.
You visited the Abyss 1 time.

You collected 728 gold pieces.
You spent 420 gold pieces at shops.

Inventory:

Hand Weapons
 a - a +2 glaive of venom (weapon)
 b - a +0 shortbow
 F - a +2 trident of freezing
Missiles
 e - 97 arrows
 y - 5 javelins (quivered)
Armour
 l - a +0 pair of gloves (worn)
 N - the +2 pair of boots of Birdsong (worn) {rPois Int+3 Stlth+}
   (You found it on level 9 of the Dungeon)

   It affects your intelligence (+3).
   It protects you from poison.
   It makes you more stealthy.
 O - a +0 troll leather armour (worn)
Jewellery
 p - a ring of see invisible (right hand)
 E - a ring of protection from fire (left hand)
Wands
 n - a wand of teleportation (2/9)
Scrolls
 d - a scroll of noise {unknown}
 g - a scroll of amnesia {unknown}
 k - 2 scrolls of fog
 o - 2 scrolls of magic mapping {unknown}
 s - a scroll of fear {unknown}
 t - a scroll of identify
 u - 2 scrolls of holy word {unknown}
 v - 4 scrolls of enchant weapon {unknown}
 x - 2 scrolls of recharging {unknown}
 C - a scroll of summoning {unknown}
 D - 2 scrolls of teleportation {unknown}
 H - 2 scrolls of remove curse
 J - a scroll of blinking {unknown}
 R - a scroll of enchant armour
Potions
 f - 4 potions of lignification
 i - 4 potions of curing
 j - 2 potions of agility
 r - 2 potions of flight
 w - a potion of cure mutation {unknown}
 z - a potion of brilliance {unknown}
 G - a potion of might {unknown}
 I - 2 potions of degeneration {unknown}
 K - 2 potions of haste
 L - a potion of mutation {unknown}
 M - a potion of ambrosia {unknown}
Books
 m - a book of Changes

   Spells                             Type                      Level
   a - Beastly Appendage              Transmutation                1
   b - Sticks to Snakes               Transmutation                2
   c - Spider Form                    Transmutation/Poison         3
   d - Ice Form                       Ice/Transmutation            4
   e - Blade Hands                    Transmutation                5
 P - a book of Geomancy

   Spells                             Type                      Level
   a - Sandblast                      Earth                        1
   b - Passwall                       Transmutation/Earth          2
   c - Stone Arrow                    Conjuration/Earth            3
   d - Petrify                        Transmutation/Earth          4
   e - Lee's Rapid Deconstruction     Earth                        5
Comestibles
 c - 9 bread rations
 h - 19 fruits
 q - 2 meat rations
 A - a slice of pizza
 B - a beef jerky


   Skills:
 - Level 8.2 Fighting
 - Level 9.0 Polearms
 + Level 5.8 Armour
 + Level 2.4 Dodging
 - Level 14.0 Invocations


You had 10 spell levels left.
You didn't know any spells.

Dungeon Overview and Level Annotations

Branches:
Dungeon (10/15)            Temple (1/1) D:6            Lair (2/6) D:10
  Swamp: Lair:2-4    Shoals: Lair:2-4     Snake: Lair:2-4    Spider: Lair:2-4
    Orc: D:9-12

Altars:
Hepliaklqana
Ru
Xom
Beogh

Shops:
D:6 =

Annotations:
D:3 Purgy
D:5 bande's ghost, novice HOFi
Abyss:1 Blork the orc; Psyche


Innate Abilities, Weirdness & Mutations

You are completely covered in iridescent scales. (AC +6)
Your flesh is cold resistant. (rC+)
You are completely covered in sharp spines.
You are immune to freezing clouds.


Message History

The spiny frog is moderately wounded.
The spiny frog is struck by your spines.
The spiny frog stings you.
* * * LOW HITPOINT WARNING * * *
You are poisoned.
The spiny frog poisons you! The spiny frog barely misses you.
You barely miss the spiny frog.
The spiny frog is severely wounded.
You feel sick. The spiny frog barely misses you.
Unknown command.
You barely miss the spiny frog.
The spiny frog is heavily wounded.
You feel sick.
The spiny frog is struck by your spines.
The spiny frog stings you.
* * * LOW HITPOINT WARNING * * *
The spiny frog stings you.
* * * LOW HITPOINT WARNING * * *
You feel better. The spiny frog stings you!!
You die...

### ##..### ### #..# ###
#...#.####.#### ##..
..#####.............###
#..
#...................#.#
#..
#....................##
#P.
#....................##
##.
#.....................##
##
###..................#.#
# ###...........@F..####
# ###.........##### ####
####.###### ##... #.###
#.... #...# #.... ##..#
#.... ##.### #.... #...#
#.... #..## ###..


You could see a spiny frog.

Vanquished Creatures
  An unseen horror (D:10)
  Pikel (D:9)
  2 komodo dragons
  A spiny frog (Lair:1)
  A polar bear (D:9)
  A troll (D:9)
  A two-headed ogre (D:10)
  A merfolk (D:10)
  3 hippogriffs
  2 yaks (D:10)
  Duvessa (D:4)
  3 water moccasins
  A black bear (D:9)
  3 ice beasts
  A sky beast (D:7)
  3 orc warriors
  6 ogres
  A wolf (D:9)
  A crocodile (Lair:1)
  2 centaurs (D:8)
  2 big kobolds
  2 gnoll sergeants
  8 bullfrogs
  A wyvern zombie (D:6)
  Dowan (D:4)
  A water moccasin zombie (D:8)
  4 scorpions
  9 wights
  3 howler monkeys
  3 centaur zombies
  5 crimson imps
  A bullfrog zombie (D:9)
  2 hounds
  A jelly (D:5)
  4 orc priests
  A bullfrog skeleton (D:9)
  2 centaur skeletons
  3 iguanas
  Natasha (thrice) (D:3)
  11 orc wizards
  5 worker ants
  A killer bee zombie (D:7)
  2 worker ant zombies
  3 gnolls
  11 adders
  3 shadow imps
  3 white imps (D:10)
  2 ufetubi (D:10)
  An ooze (D:3)
  An adder zombie (D:5)
  3 worms
  A leopard gecko (D:1)
  57 orcs
  3 giant cockroaches
  10 goblins
  4 hobgoblins
  11 jackals
  22 kobolds
  4 quokkas
  11 bats
  5 frilled lizards
  2 quokka skeletons (D:7)
  10 rats
  A plant (D:10)
279 creatures vanquished.

Vanquished Creatures (others)
  A hill giant (D:10)
  3 orc warriors
  A slave (D:9)
  A white imp (D:10)
  2 fungi (Lair:1)
8 creatures vanquished.

Grand Total: 287 creatures vanquished

Notes
Turn   | Place    | Note
-------+----------+-------------------------------------------
     0 | Abyss:1  | Colliwobble the Demonspawn Abyssal Knight began the quest for the Orb.
     0 | Abyss:1  | Reached XP level 1. HP: 18/18 MP: 2/2
    23 | D:1      | Escaped the Abyss
   358 | D:1      | Gained mutation: You are partially covered in iridescent scales. (AC +2) [demonic ancestry]
   358 | D:1      | Reached XP level 2. HP: 23/24 MP: 4/4
   504 | D:1      | Reached skill level 3 in Invocations
   855 | D:1      | Reached ** piety under Lugonu
  1060 | D:2      | Gained mutation: You are partially covered in sharp spines. [demonic ancestry]
  1060 | D:2      | Reached XP level 3. HP: 24/29 MP: 5/5
  1510 | D:2      | HP: 1/29 [worm (9)]
  1839 | D:2      | Gained mutation: Your flesh is cold resistant. (rC+) [demonic ancestry]
  1839 | D:2      | Reached XP level 4. HP: 35/35 MP: 6/6
  2509 | D:3      | Found a hazy altar of Hepliaklqana.
  2524 | D:3      | Noticed a big kobold
  2569 | D:3      | Noticed Natasha
  2581 | D:3      | Killed Natasha
  2767 | D:3      | Gained mutation: You are immune to freezing clouds. [demonic ancestry]
  2767 | D:3      | Reached XP level 5. HP: 36/41 MP: 7/7
  2966 | D:3      | Reached skill level 5 in Polearms
  3073 | D:3      | Noticed Purgy
  3073 | D:3      | Noticed Natasha
  3087 | D:3      | Killed Natasha
  3408 | D:3      | Reached *** piety under Lugonu
  3440 | D:2      | Gained mutation: You are mostly covered in iridescent scales. (AC +4) [demonic ancestry]
  3440 | D:2      | Reached XP level 6. HP: 29/47 MP: 8/8
  4023 | D:3      | Noticed Natasha
  4033 | D:3      | Killed Natasha
  4986 | D:4      | Reached XP level 7. HP: 49/52 MP: 9/9
  5251 | D:4      | Noticed Duvessa
  5257 | D:4      | Noticed Dowan
  5593 | D:4      | Reached **** piety under Lugonu
  5623 | D:4      | Killed Duvessa
  5635 | D:4      | Killed Dowan
  5635 | D:4      | Reached skill level 4 in Invocations
  5996 | D:5      | Entered Level 5 of the Dungeon
  6208 | D:5      | Reached skill level 5 in Invocations
  6298 | D:5      | Gained mutation: You are mostly covered in sharp spines. [demonic ancestry]
  6298 | D:5      | Reached XP level 8. HP: 51/58 MP: 11/11
  6309 | D:5      | Noticed bande's ghost (novice HOFi)
  6890 | D:6      | Reached skill level 6 in Invocations
  7186 | D:6      | Found a staircase to the Ecumenical Temple.
  7207 | Temple   | Entered the Ecumenical Temple
  7569 | D:6      | Found Curghyir's Jewellery Shoppe.
  7587 | D:6      | Reached skill level 7 in Invocations
  7601 | D:6      | Bought an uncursed ring of poison resistance for 240 gold pieces
  8039 | D:7      | Reached skill level 8 in Invocations
  8297 | D:7      | Reached XP level 9. HP: 53/65 MP: 15/15
  8549 | D:7      | Got a pair of steaming boots
  8550 | D:7      | Identified the +0 pair of boots of Exclusion {rCorr} (You found it on level 7 of the Dungeon)
  8639 | D:7      | Noticed Blork the orc
  8644 | D:7      | Reached skill level 9 in Invocations
  8651 | D:7      | Banished Blork the orc
  8935 | D:6      | Reached skill level 5 in Fighting
  9911 | D:8      | Reached skill level 10 in Invocations
 10193 | D:8      | Noticed Psyche
 10202 | D:8      | Banished Psyche
 10223 | D:8      | Reached skill level 11 in Invocations
 10420 | D:8      | Gained mutation: You are completely covered in iridescent scales. (AC +6) [demonic ancestry]
 10420 | D:8      | Reached XP level 10. HP: 42/79 MP: 18/18
 10523 | D:8      | Found a roughly hewn altar of Beogh.
 11329 | D:9      | Noticed Pikel
 11344 | D:9      | Killed Pikel
 11389 | D:9      | Reached skill level 12 in Invocations
 11430 | D:9      | Reached ***** piety under Lugonu
 11604 | D:9      | Got a pair of encrusted boots
 11605 | D:9      | Identified the +2 pair of boots of Birdsong {rPois Int+3 Stlth+} (You found it on level 9 of the Dungeon)
 12249 | D:10     | Entered Level 10 of the Dungeon
 12263 | D:10     | Found a staircase to the Lair.
 12336 | D:10     | Reached skill level 13 in Invocations
 12393 | D:10     | Noticed a hill giant
 12511 | D:10     | Banished a hill giant
 12810 | D:6      | Bought an uncursed ring of see invisible for 180 gold pieces
 12995 | D:10     | Noticed an unseen horror
 13001 | D:10     | Killed an unseen horror
 13001 | D:10     | Gained mutation: You are completely covered in sharp spines. [demonic ancestry]
 13001 | D:10     | Reached XP level 11. HP: 68/86 MP: 21/21
 13048 | Lair:1   | Entered Level 1 of the Lair of Beasts
 13360 | Lair:1   | Reached skill level 5 in Armour
 13556 | Lair:1   | Reached skill level 14 in Invocations
 13614 | Lair:1   | Reached skill level 1 in Dodging
 14116 | Lair:1   | Noticed a six-headed hydra
 14125 | Lair:1   | Banished a six-headed hydra
 14227 | Lair:1   | Slain by a spiny frog

Skill      XL: |  1  2  3  4  5  6  7  8  9 10 11 |
---------------+----------------------------------+-----
Polearms       | 2 3 4 5 6 8 9 |  9.0
Invocations    | 3 5 8 11 13 14 | 14.0
Fighting       | 4 7 8 |  8.2
Armour         | 4 5 |  5.8
Dodging        | 2 |  2.4

Action                   |  1- 3 |  4- 6 |  7- 9 | 10-12 || total
-------------------------+-------+-------+-------+-------++-------
Melee: Spear             |   166 |   210 |   130 |       ||   506
       Trident           |       |       |   395 |   108 ||   503
       Glaive            |       |       |       |   104 ||   104
 Fire: Shortbow          |       |     5 |    16 |     4 ||    25
Throw: Stone             |    10 |       |       |       ||    10
       Javelin           |       |       |     2 |    18 ||    20
Invok: Bend Space        |       |     2 |     2 |     1 ||     5
       Banish            |       |       |     5 |     3 ||     8
  Use: Potion            |       |     1 |     1 |     1 ||     3
       Scroll            |       |     5 |     2 |     4 ||    11
 Stab: Sleeping          |       |     1 |     2 |     2 ||     5
       Distracted        |       |       |       |     1 ||     1
  Eat: Chunk             |     3 |    10 |    17 |    12 ||    42
       Royal jelly       |       |       |     1 |       ||     1
Armor: Chain mail        |    56 |       |       |       ||    56
       Leather armour    |    26 |    44 |    90 |    49 ||   209
       Troll leather arm |       |       |       |    47 ||    47
Dodge: Dodged            |    51 |    58 |   140 |   110 ||   359
Block: Shield            |       |       |    39 |    23 ||    62
